 Dungeon Crawl Stone Soup version 0.30.0 (webtiles) character file.

Game seed: 283348480532520821

106605 jasper the Severer (level 16, -30/162 HPs)
             Began as a Hill Orc Cinder Acolyte on May 6, 2023.
             Was a Believer of Lugonu.
             Killed from afar by Frances (43 damage)
             ... with an iron shot
             ... on level 14 of the Dungeon.
             The game lasted 00:42:03 (30556 turns).

jasper the Severer (Hill Orc Cinder Acolyte)       Turns: 30556, Time: 00:42:04

Health: -30/162    AC:  1    Str: 25    XL:     16   Next: 44%
Magic:  0/19       EV:  9    Int: 14    God:    Lugonu [**....]
Gold:   2015       SH:  0    Dex:  4    Spells: 17/17 levels left

rFire   . . .        v - +5 battleaxe
rCold   . . .        (shield currently unavailable)
rNeg    + . .        N - +4 plate armour {rPois}
rPois   +            o - +2 hat
rElec   .            e - +2 cloak
rCorr   .            O - +0 pair of gloves
SInv    .            n - +0 pair of boots {Stlth+}
Will    ++...        k - amulet of guardian spirit Stlth
                     y - ring of willpower
HPRegen 0.47/turn    C - ring of Egaqaur {rPois rF+ rN+ Dex-2}
MPRegen 0.16/turn

%: guardian spirit
@: corroded, fire susceptible
A: no striking features
a: Renounce Religion, Depart the Abyss, Banish


You were on level 14 of the Dungeon.
You worshipped Lugonu.
Lugonu was pleased with you.
You visited 3 branches of the dungeon, and saw 22 of its levels.
You visited the Abyss 1 time.
You also visited: Bailey.

You collected 2224 gold pieces.
You spent 209 gold pieces at shops.

Inventory:

Hand Weapons
 a - a -1 hand axe of flaming
 v - a +5 battleaxe (weapon)
Missiles
 j - 12 atropa-tipped darts
 u - 17 boomerangs (quivered)
 F - 17 curare-tipped darts
 R - a throwing net
Armour
 e - a +2 cloak (worn)
 n - a +0 pair of boots of stealth (worn)
 o - a +2 hat (worn)
 G - a +0 cloak
 N - a +4 plate armour of poison resistance (worn)
 O - a +0 pair of gloves (worn)
Jewellery
 c - a ring of protection from cold
 k - an amulet of guardian spirit (around neck)
 y - a ring of willpower (left hand)
 C - the ring of Egaqaur (right hand) {rPois rF+ rN+ Dex-2}
   (You found it on level 14 of the Dungeon)

   [ring of protection from fire]

   Dex:       It affects your dexterity (-2).
   rF:        It protects you from fire.
   rPois:     It protects you from poison.
   rN:        It protects you from negative energy.
 E - a ring of positive energy
 J - an amulet of reflection
 K - a ring of see invisible
Wands
 B - a wand of roots (3)
 H - a wand of polymorph (23)
 L - a wand of flame (52)
 T - a wand of mindburst (4)
 U - a wand of paralysis (23)
 Y - a wand of digging (9)
Scrolls
 b - a scroll of teleportation {unknown}
 d - a scroll of poison {unknown}
 f - a scroll of enchant weapon {unknown}
 h - a scroll of blinking
Potions
 g - a potion of haste
 i - a potion of magic {unknown}
 l - a potion of heal wounds {unknown}
 m - a potion of curing {unknown}
Miscellaneous
 p - a lightning rod (4/4)
 w - a condenser vane (inert)


   Skills:
 - Level 20.0 Fighting
 - Level 20.0 Axes
 - Level 3.0 Throwing
 - Level 15.0 Armour
 - Level 8.0 Dodging
 - Level 1.0 Spellcasting
 - Level 3.2 Fire Magic
 + Level 4.2 Invocations
 - Level 6.0 Evocations


You had 17 spell levels left.
You didn't know any spells.
Your spell library contained the following spells:

 Spells                   Type           Power      Damage    Failure   Level
 Scorch                   Fire           18%        2d6       58%         2
 Beastly Appendage        Tmut           0%         N/A       88%         1
 Freeze                   Ice            0%         1d3       88%         1
 Magic Dart               Conj           0%         1d3       88%         1
 Slow                     Hex            0%         N/A       88%         1
 Poisonous Vapours        Pois/Air       0%         N/A       96%         2
 Sublimation of Blood     Necr           0%         N/A       96%         2
 Wereblood                Tmut           0%         N/A       96%         2
 Inner Flame              Hex/Fire       5%         N/A       96%         3
 Confusing Touch          Hex            0%         N/A       99%         3
 Dazzling Flash           Conj/Hex       0%         N/A       99%         3
 Frozen Ramparts          Ice            0%         1d1       99%         3
 Hailstorm                Conj/Ice       0%         3d3       99%         3
 Spider Form              Tmut/Pois      0%         N/A       99%         3
 Vampiric Draining        Necr           0%         2d6       99%         3
 Anguish                  Hex/Necr       0%         N/A       100%        4
 Cause Fear               Hex            0%         N/A       100%        4
 Fulminant Prism          Conj/Hex       0%         3d5       100%        4
 Petrify                  Tmut/Erth      0%         N/A       100%        4
 Blade Hands              Tmut           0%         N/A       100%        5
 Irradiate                Conj/Tmut      0%         3d11      100%        5
 Iskenderun's Battlesphe  Conj           0%         2d6       100%        5
 Metabolic Englaciation   Hex/Ice        0%         N/A       100%        5
 Summon Forest            Summ/Tloc      0%         N/A       100%        5
 Summon Mana Viper        Hex/Summ       0%         N/A       100%        5
 Iron Shot                Conj/Erth      0%         9d1       100%        6
 Statue Form              Tmut/Erth      0%         N/A       100%        6
 Summon Cactus Giant      Summ           0%         N/A       100%        6
 Dragon Form              Tmut           0%         N/A       100%        7
 Enfeeble                 Hex            0%         N/A       100%        7
 Orb of Destruction       Conj           0%         9d5       100%        7
 Spellforged Servitor     Conj/Summ      0%         N/A       100%        7
 Summon Hydra             Summ           0%         N/A       100%        7


Dungeon Overview and Level Annotations

Branches:
Dungeon (15/15)            Temple (0/1) D:4            Lair (5/5) D:11
  Swamp (0/4) Lair:3       Spider (0/4) Lair:3        Slime (0/5) Lair:4
    Orc (2/2) D:10            Elf (0/3) Orc:2        Vaults (0/5) D:13
 Depths (0/4) D:15         Bailey (visited)

Altars:
Ashenzari
Sif Muna
Wu Jian
Yredelemnul
Zin
Beogh

Shops:
D:4 *[*((   Orc:1 :   Orc:2 [(=!

Portals:
Abyss: D:6

Annotations:
D:6 2 transporters, sasquatch's ghost, novice GrRe
D:14 Frances
Lair:2 exclusion: oklob plant
Lair:3 1 runed translucent door
Lair:4 exclusion: 3 oklob plants


Message History

The rust devil closely misses you. The ice devil hits you.
The ice devil freezes you! Frances closely misses you.
You hit Frances but do no damage.
Frances is moderately wounded.
You hit the ice devil. You barely miss the rust devil.
Frances hits you with a +0 mace!! The rust devil hits you.
The rust devil corrodes you!
You barely miss Frances.
Frances is moderately wounded.
You hit the ice devil but do no damage.
You hit the rust devil but do no damage.
The ice devil hits you! The ice devil freezes you!
* * * LOW HITPOINT WARNING * * *
Frances hits you but does no damage.
You hit Frances but do no damage.
Frances is moderately wounded.
You slice the ice devil!!
You kill the ice devil!
The ice devil disappears in a puff of smoke!
You hit the rust devil but do no damage.
The rust devil barely misses you.
Frances mutters in a terrible tongue.
The iron shot hits you!!
* * * LOW HITPOINT WARNING * * *
Okay, then.
Okay, then.
The rust devil attacks as you move away!
The rust devil hits you. The rust devil corrodes you!
Frances barely misses you. Frances attacks as you move away!
Frances hits you with a +0 mace!
* * * LOW HITPOINT WARNING * * *
Frances growls a series of guttural syllables.
Frances mutters in a terrible tongue.
The rust devil attacks as you move away!
The rust devil hits you.
* * * LOW HITPOINT WARNING * * *
The rust devil corrodes you!
Frances mutters in a terrible tongue.
The iron shot hits you!!!
You die...

..>........ #........#
#.....?..# #........#
#....34..# #........#
#....4@..# #####.#### #@.#
##.#### #....#
#########'###
#...........####
#.[.........##.##
..#...........##..##
......................#####
....##...........##........


You could see Frances (fast), a sun demon (summoned) and 2 rust devils.

Vanquished Creatures
  Gastronok (D:9)
  2 orc warlords
  Louise (D:14)
  A quicksilver ooze (Lair:5)
  A dire elephant (D:15)
  Snorg (Orc:1)
  A fire dragon (Lair:5)
  8 hydras
  2 catoblepae
  4 centaur warriors
  2 ogre magi (Orc:1)
  2 dancing weapons (D:13)
  A death knight (D:14)
  7 boulder beetles
  7 death yaks (Lair:3)
  15 two-headed ogres
  A tengu warrior (D:13)
  Sonja (Orc:1)
  3 skysharks
  3 deep trolls
  A bog body (Lair:1)
  2 lindwurms (Lair:5)
  2 orc knights
  3 wizards
  A deep elf pyromancer (D:13)
  Pikel (D:4)
  5 cyclopes
  A wolf spider (D:15)
  16 ugly things
  5 manticores
  An ice statue (Lair:1)
  7 molten gargoyles
  7 elephants
  15 cane toads
  A gargoyle (D:14)
  3 black mambas (Lair:5)
  A yaktaur (shapeshifter) (D:13)
  6 yaktaurs
  6 kobold demonologists
  6 rime drakes
  2 efreet (D:15)
  10 komodo dragons
  An ice devil (Lair:1)
  2 freezing wraiths (D:14)
  2 tengu conjurers
  8 trolls (Orc:1)
  3 polar bears (Lair:1)
  A meliai (Lair:3)
  Grinder (D:5)
  2 hornets
  Prince Ribbit (D:5)
  15 blink frogs
  2 large abominations (D:13)
  5 slime creatures
  Sigmund (D:3)
  A centaur simulacrum (D:15)
  3 wraiths
  A spriggan (shapeshifter) (D:13)
  2 dire elephant simulacra (Lair:1)
  A vampire (D:13)
  52 yaks
  6 wyverns
  Grum (D:9)
  8 basilisks
  3 steam dragons
  5 wargs
  Menkaure (D:5)
  12 vampire mosquitoes
  Edmund (D:4)
  A harpy simulacrum (Lair:1)
  3 hell hounds (Lair:5)
  Duvessa (D:5)
  An acid dragon (D:9)
  16 water moccasins
  20 orc warriors
  A sky beast (D:6)
  An ice beast (D:8)
  2 black bears
  25 ogres
  3 phantoms
  15 wolves
  3 centaurs
  5 kobold brigands
  9 bullfrogs
  4 scorpions
  A gnoll sergeant (D:6)
  18 wights
  Dowan (D:5)
  14 killer bees
  4 howler monkeys
  An electric eel (D:12)
  6 lava snakes
  4 jellies
  A hound (D:5)
  25 orc priests
  Crazy Yiuf (D:7)
  Jessica (D:2)
  Ijyb (D:5)
  Natasha (thrice) (D:3)
  4 hell rats (Lair:2)
  22 orc wizards
  2 iguanas
  2 spriggan simulacra (Lair:1)
  A polar bear simulacrum (Lair:1)
  12 gnolls
  8 adders
  A naga simulacrum (Lair:1)
  2 river rats (D:4)
  2 shadow imps
  A white imp (Lair:1)
  2 ufetubi
  3 worms
  6 dart slugs
  66 orcs
  4 ball pythons
  8 bats
  6 endoplasms
  4 giant cockroaches
  14 goblins
  8 hobgoblins
  7 jackals (D:3)
  2 quokkas
  A frilled lizard (D:2)
  28 kobolds
  14 rats
  A bush (Lair:5)
729 creatures vanquished.

Vanquished Creatures (others)
  A human (D:13)
  An orc warrior (Orc:2)
  3 kobolds (D:7)
  18 fungi
  38 plants
  11 toadstools (Lair:3)
72 creatures vanquished.

Grand Total: 801 creatures vanquished

Notes
Turn   | Place    | Note
-------+----------+-------------------------------------------
     0 | D:1      | jasper the Hill Orc Cinder Acolyte began the quest for the
                  | Orb.
     0 | D:1      | Reached XP level 1. HP: 19/19 MP: 2/2
   218 | D:1      | Reached XP level 2. HP: 26/26 MP: 3/3
   275 | D:1      | Reached skill level 5 in Axes
  1132 | D:2      | Noticed Jessica
  1135 | D:2      | Killed Jessica
  1136 | D:2      | Reached XP level 3. HP: 21/31 MP: 4/4
  1272 | D:2      | Reached XP level 4. HP: 30/39 MP: 5/5
  1967 | D:3      | Noticed Sigmund
  1981 | D:3      | Killed Sigmund
  1982 | D:3      | Reached XP level 5. HP: 38/45 MP: 6/6
  1982 | D:3      | Reached XP level 6. HP: 43/51 MP: 7/7
  2347 | D:3      | Noticed Natasha
  2360 | D:3      | Killed Natasha
  2513 | D:3      | Reached skill level 10 in Axes
  2583 | D:3      | Noticed Natasha
  2589 | D:3      | Killed Natasha
  2590 | D:3      | Reached XP level 7. HP: 39/57 MP: 8/8
  2698 | D:3      | Noticed Natasha
  2709 | D:3      | Killed Natasha
  3101 | D:4      | Noticed Pikel
  3144 | D:4      | Killed Pikel
  3145 | D:4      | Reached XP level 8. HP: 7/64 MP: 9/9
  3473 | D:4      | Found a staircase to the Ecumenical Temple.
  3476 | D:4      | Found Dink's Weapon Emporium.
  3484 | D:4      | Bought a +0 war axe of freezing for 83 gold pieces
  3552 | D:4      | Noticed Edmund
  3565 | D:4      | Killed Edmund
  3566 | D:4      | Reached skill level 1 in Armour
  3816 | D:4      | Found a glowing drain.
  3869 | D:4      | Found Titu's Antique Armour Emporium.
  3896 | D:4      | Found Iwnibras's Antique Weapon Shoppe.
  3907 | D:4      | Found Ikarim's General Store.
  3926 | D:4      | Bought 6 curare-tipped darts for 72 gold pieces
  4064 | D:4      | Found Seamein's Neck Hole.
  4069 | D:4      | Bought a +0 cloak for 54 gold pieces
  4149 | D:5      | Entered Level 5 of the Dungeon
  4164 | D:5      | Noticed Dowan
  4164 | D:5      | Noticed Duvessa
  4180 | D:5      | Killed Dowan
  4258 | D:5      | Noticed Ijyb
  4266 | D:5      | Killed Ijyb
  4461 | D:5      | Noticed Menkaure
  4468 | D:5      | Killed Menkaure
  4469 | D:5      | Reached skill level 5 in Fighting
  4469 | D:5      | Reached XP level 9. HP: 66/74 MP: 10/10
  4479 | D:5      | Noticed Prince Ribbit
  4489 | D:5      | Killed Prince Ribbit
  4712 | D:5      | Noticed Grinder
  4728 | D:5      | Killed Grinder
  4910 | D:5      | Killed Duvessa
  4988 | D:5      | Found a broken altar of Ashenzari.
  4988 | D:5      | Found a basalt altar of Yredelemnul.
  4998 | D:5      | Found an ornate altar of the Wu Jian Council.
  4998 | D:5      | Found a shimmering blue altar of Sif Muna.
  5742 | D:6      | Noticed a worldbinder
  5899 | D:6      | Found a transporter.
  6010 | D:6      | Found a transporter.
  6023 | D:6      | Found a one-way gate to the infinite horrors of the Abyss.
  6028 | D:6      | Noticed an ancient zyme
  6055 | D:6      | Noticed sasquatch's ghost (novice GrRe)
  6178 | D:7      | Reached skill level 15 in Axes
  6178 | D:7      | Reached skill level 5 in Armour
  6339 | D:7      | Found a runed translucent door.
  6340 | D:7      | Noticed Crazy Yiuf
  6408 | D:7      | Reached XP level 10. HP: 79/86 MP: 11/11
  6597 | D:7      | Identified the +8 whip "Jusho" {venom, Fragile rElec Dex+2}
  6903 | D:7      | Killed Crazy Yiuf
  8033 | D:8      | Reached skill level 1 in Evocations
  8305 | D:9      | Noticed Grum
  8305 | D:9      | Noticed Gastronok
  8312 | D:8      | Reached skill level 1 in Throwing
  8363 | D:10     | Entered Level 10 of the Dungeon
  8446 | D:10     | Found a staircase to the Orcish Mines.
  8538 | D:10     | Noticed a manticore
  8554 | D:10     | Killed a manticore
  8804 | D:10     | Found a flagged portal.
  8816 | Bailey   | Entered a bailey
  8821 | Bailey   | Noticed an orc warlord
  9064 | Bailey   | Found a runed translucent gate.
  9066 | Bailey   | Found a runed translucent gate.
  9067 | Bailey   | Found a runed translucent gate.
  9189 | Bailey   | Killed an orc warlord
  9190 | Bailey   | Reached skill level 5 in Evocations
  9190 | Bailey   | Reached XP level 11. HP: 94/94 MP: 12/12
  9531 | D:10     | Paralysed by a hornet for 3 turns
 10368 | D:11     | Found a staircase to the Lair.
 10595 | D:11     | Noticed a two-headed ogre
 10598 | D:11     | Killed a two-headed ogre
 10740 | D:11     | Reached skill level 10 in Fighting
 10924 | D:11     | Reached XP level 12. HP: 65/106 MP: 13/13
 11365 | D:11     | Noticed a two-headed ogre
 11375 | D:11     | Killed a two-headed ogre
 11633 | Lair:1   | Entered Level 1 of the Lair of Beasts
 11672 | Lair:1   | Identified the +0 ring mail of Past Mistakes {Str+3 Int+3}
 12940 | Lair:1   | Identified the +1 scimitar "Pendulum" {heavy, rC+ Will+}
 13194 | Lair:2   | Noticed a catoblepas
 13206 | Lair:2   | Killed a catoblepas
 13207 | Lair:2   | Reached skill level 10 in Armour
 13583 | Lair:2   | Reached XP level 13. HP: 104/117 MP: 11/14
 14409 | Lair:3   | Found a hole to the Spider Nest.
 14992 | Lair:3   | Reached skill level 1 in Dodging
 15249 | Lair:3   | Found a staircase to the Swamp.
 15687 | Lair:3   | Noticed a dire elephant
 15687 | Lair:3   | Noticed a dire elephant
 15707 | Lair:3   | Found a runed translucent door.
 16736 | Lair:4   | Reached XP level 14. HP: 86/133 MP: 10/15
 16959 | Lair:4   | Found a staircase to the Slime Pits.
 17918 | Orc:1    | Entered Level 1 of the Orcish Mines
 17918 | Orc:1    | Found Orghox's Book Emporium.
 17999 | Orc:1    | Noticed Snorg
 18007 | Orc:1    | Killed Snorg
 18008 | Orc:1    | Reached skill level 15 in Fighting
 18324 | Orc:2    | Entered Level 2 of the Orcish Mines
 20628 | D:13     | Reached skill level 5 in Dodging
 21139 | D:13     | Found a gate to the Vaults.
 21915 | D:13     | Reached XP level 15. HP: 122/146 MP: 14/16
 22155 | D:14     | Identified the ring of Egaqaur {rPois rF+ rN+ Dex-2}
 22385 | D:14     | Noticed Louise
 22952 | D:9      | Killed Grum
 23213 | D:9      | Killed Gastronok
 23301 | D:9      | Got the Codex of Nocuous Malisons
 23721 | D:9      | Identified the +1 morningstar of Suicidal Tendencies
                  | {protect, rPois}
 24069 | Lair:5   | Entered Level 5 of the Lair of Beasts
 24413 | Lair:5   | Identified the staff of death "Faxoakel" {rPois rN+ Will+
                  | Int-5}
 24939 | Lair:5   | Found a large runed translucent door.
 24941 | Lair:5   | Found a large runed translucent door.
 25942 | Lair:5   | Got the Secrets of Pyromania
 26565 | Orc:2    | Noticed an orc warlord
 26921 | Orc:1    | Killed an orc warlord
 27219 | Orc:1    | Reached XP level 16. HP: 137/160 MP: 14/17
 27382 | Orc:2    | Found Zuwkiniunt's Weapon Shoppe.
 27384 | Orc:2    | Found Uboabla's Distillery.
 27385 | Orc:2    | Found Woocric's Armour Emporium.
 27386 | Orc:2    | Found Aptobris's Jewellery Shoppe.
 27925 | Orc:2    | Found a roughly hewn altar of Beogh.
 28001 | Orc:2    | Found a staircase to the Elven Halls.
 28084 | Orc:1    | Noticed Sonja
 28088 | Abyss:1  | Found a corrupted altar of Lugonu.
 28088 | Abyss:1  | Cast into level 1 of the Abyss (Sonja)
 28095 | Abyss:1  | Fell from the grace of Ignis
 28095 | Abyss:1  | Became a worshipper of Lugonu the Unformed
 28095 | Abyss:1  | Reached * piety under Lugonu
 28095 | Abyss:1  | Reached ** piety under Lugonu
 28096 | Orc:1    | Escaped the Abyss
 28103 | Orc:1    | Killed Sonja
 28567 | D:14     | Killed Louise
 29040 | D:14     | You fall into a shaft and drop 1 floor!
 29040 | D:15     | Entered Level 15 of the Dungeon
 29175 | D:15     | Found a staircase to the Depths.
 29381 | D:15     | Reached skill level 15 in Armour
 29582 | D:15     | Reached skill level 1 in Invocations
 30195 | D:15     | Found a glowing silver altar of Zin.
 30537 | D:14     | Noticed Frances
 30556 | D:14     | Killed from afar by Frances

Illustrated notes

Levels and vault maps discovered:
D:1:      psy_arrival_spokes, layout_basic, minmay_rat_gold_closets
D:2:      layout_basic, uniq_jessica
D:3:      layout_basic, uniq_natasha, uniq_sigmund
D:4:      nicolae_cairo_tiling_very_big, layout_gridville,
          minmay_temple_entry_statues_fountains, cheibrodos_sewer_entry_sluice,
          serial_shops, nicolae_stop_n_shop_1, shop, nicolae_shop_waterfront,
          nicolae_shop_bloodbath_and_beyond, minmay_hedge_maze,
          hangedman_decor_clover_reticule, nicolae_shop_sticking_my_neck_out,
          uniq_pikel, uniq_edmund
D:5:      layout_layer_cave, grunt_temple_overflow_open, uniq_menkaure,
          uniq_prince_ribbit1, uniq_duvessa, uniq_ijyb, uniq_grinder
D:6:      layout_rooms, gammafunk_ghost_abyssal_escape
D:7:      layout_gridville, minmay_crossroads, uniq_crazy_yiuf_cottage
D:8:      layout_loops_ring
D:9:      minmay_chopped_fan, layout_long_grid, uniq_grum, uniq_gastronok
D:10:     layout_basic, erik_orc_4, enter_bailey_3
D:11:     layout_roguey, david_lair_generic, minivault_8
D:12:     layout_roguey, kennysheep_cross_room
D:13:     dreamdust_experimentation, layout_loops_ring, erik_vaults_1,
          grunt_ministairs_7
D:14:     layout_roguey, chequers_serial_rivers_micro_c, minmay_misc_feat_five,
          interstate_on_off, kennysheep_donut, uniq_lodul, uniq_louise,
          uniq_frances
D:15:     hangedman_depths_entry_try_elsewhere_first, layout_small_grid,
          zin_angel
Lair:1:   dreamdust_isle_of_ice, layout_hall_layers, minmay_holes
Lair:2:   layout_big_grid, minmay_lair_oklob_items, bh_autumn_forest_stairs,
          hangedman_lair_unloving_vines, grunt_megastairs_4,
          serial_bayou_shore_b
Lair:3:   gammafunk_lair_enchanted_lake, layout_regular_city, swamp_mist_pool,
          hellmonk_spider_entry_not_the_bees
Lair:4:   layout_loops_ring, minmay_slime_entry_oklob_open, serial_bayou_shore_b
Lair:5:   cheibrodos_lair_end_hotspot, layout_loops_ring,
          nicolae_lair_time_for_slime
Orc:1:    layout_diamond_mine, serial_shops, shop, uniq_sonja, uniq_snorg
Orc:2:    st_orc_open, layout_caves, david_defended_altar_orc

Skill      XL: |  1  2  3  4  5  6  7  8  9 10 11 12 13 14 15 16 |
---------------+-------------------------------------------------+-----
Axes           | 6 9 10 12 13 15 16 17 19 20 | 20.0
Armour         | 3 5 6 8 10 12 13 14 15 | 15.0
Fighting       | 5 7 8 10 11 14 16 19 20 | 20.0
Evocations     | 5 6 |  6.0
Throwing       | 3 |  3.0
Dodging        | 3 5 7 8 |  8.0
Invocations    | 4 |  4.2
Spellcasting   | |  1.0
Fire Magic     | |  3.2

Action                     |  1- 3 |  4- 6 |  7- 9 | 10-12 | 13-15 | 16-18 || total
---------------------------+-------+-------+-------+-------+-------+-------++-------
  Melee: Hand axe          |    82 |   102 |    53 |       |    58 |    11 ||   306
         Punch             |       |       |     3 |     4 |     2 |       ||     9
         War axe           |       |       |   213 |    95 |       |       ||   308
         Unarmed           |       |       |     2 |       |       |       ||     2
         Battleaxe         |       |       |       |   415 |  1004 |   251 ||  1670
  Throw: Boomerang         |       |     9 |    19 |    63 |    79 |       ||   170
         Dart              |       |       |     1 |     3 |       |       ||     4
 Invoke: Fiery Armour      |       |     3 |     3 |     2 |     4 |       ||    12
         Rising Flame      |       |       |       |       |     1 |       ||     1
         Depart the Abyss  |       |       |       |       |       |     1 ||     1
  Evoke: Wand              |       |       |     2 |    17 |     9 |       ||    28
         Condenser vane    |       |       |       |       |     2 |     1 ||     3
   Stab: Paralysed         |       |       |       |       |     2 |       ||     2
         Distracted        |       |       |       |       |       |     1 ||     1
 Armour: Robe              |     2 |       |       |       |       |       ||     2
         Leather armour    |    10 |       |       |       |       |       ||    10
         Scale mail        |    13 |    54 |    56 |       |       |       ||   123
         Plate armour      |       |       |    53 |   275 |   805 |   181 ||  1314
  Dodge: Dodged            |    52 |    56 |    83 |   139 |   421 |    96 ||   847
  Block: Other             |       |       |    32 |    79 |       |       ||   111
         Reflection        |       |       |       |     4 |       |       ||     4
